 Dungeon Crawl Stone Soup version 0.20.1-1-g8b1a95d (console) character file.

4270 hilaritas the Nimble (level 10, -1/48 HPs)
             Began as a Felid Berserker on Aug 4, 2017.
             Was an Elder of Trog.
             Slain by an orc warrior
             ... wielding a +0 war axe
              (22 damage)
             ... on level 9 of the Dungeon.
             The game lasted 00:16:53 (7746 turns).

hilaritas the Nimble (Felid Berserker)              Turns: 7746, Time: 00:16:54

Health: -1/48      AC:  2    Str: 13    XL:     10   Next: 10%
Magic:  16/16      EV: 26    Int: 10    God:    Trog [****..]
Gold:   37         SH:  0    Dex: 18    Spells: 9/9 levels left
                                        Lives:  0   Deaths: 3

rFire    . . .     SeeInvis +     - Unarmed
rCold    + . .     Gourm    .   (shield unavailable)
rNeg     + . .     Faith    .   (armour unavailable)
rPois    .         Spirit   .   (helmet unavailable)
rElec    .         Reflect  .   (cloak unavailable)
rCorr    .         Harm     .   (gloves unavailable)
MR       +....                  (boots unavailable)
Stlth    +++++.....             (no amulet)
Regen    0.2/turn               j - ring of protection from cold
MPRegen  0.2/turn               w - ring of positive energy

@: drained, quick
A: no armour, no weapons or thrown items, stealth, claws 1, fangs 3, see
invisible, carnivore 3, speed 1, shaggy fur 2, slow metabolism 1, sharp paws
a: Berserk, Trog's Hand, Brothers in Arms, Burn Spellbooks, Renounce Religion


You were on level 9 of the Dungeon.
You worshipped Trog.
Trog was greatly pleased with you.
You were completely stuffed.

You visited 1 branch of the dungeon, and saw 9 of its levels.

You collected 206 gold pieces.
You spent 169 gold pieces at shops.

Inventory:

Jewellery
 j - a ring of protection from cold (left paw)
 r - a +2 ring of intelligence
 w - a ring of positive energy (right paw)
 y - an uncursed ring of magical power
 D - an uncursed ring of fire
Wands
 b - a wand of lightning (6/15)
 c - a wand of random effects (19/48)
 l - a wand of confusion (34/48)
 F - a wand of polymorph (3/24)
 G - a wand of confusion (16/48)
Scrolls
 g - 2 scrolls of remove curse
 i - 5 scrolls of identify
 n - 2 scrolls of teleportation
 B - a scroll of recharging
 C - 2 scrolls of fog
 E - a scroll of blinking
Potions
 d - a potion of invisibility {unknown}
 e - a potion of resistance {unknown}
 h - 4 potions of curing
 k - a potion of mutation {unknown}
 m - a potion of ambrosia
 o - 2 potions of might
 p - a potion of agility {unknown}
 q - a potion of heal wounds
 t - 2 potions of brilliance {unknown}
 u - a potion of lignification {unknown}
 v - a potion of cancellation {unknown}
 z - 2 potions of haste {unknown}
 I - a potion of magic {unknown}
Books
 s - a book of Minor Magic

   Spells                             Type                      Level
   a - Magic Dart                     Conjuration                  1
   b - Blink                          Translocation                2
   c - Call Imp                       Summoning                    2
   d - Slow                           Hexes                        2
   e - Conjure Flame                  Conjuration/Fire             3
   f - Mephitic Cloud                 Conjuration/Poison/Air       3
   Trog disapproves of the use of such an item.
 x - a book of Misfortune

   Spells                             Type                      Level
   a - Confusing Touch                Hexes                        1
   b - Confuse                        Hexes                        3
   c - Gell's Gravitas                Translocation                3
   d - Petrify                        Transmutation/Earth          4
   e - Metabolic Englaciation         Hexes/Ice                    5
   f - Yara's Violent Unravelling     Hexes/Transmutation          5
   Trog disapproves of the use of such an item.
 A - a book of Conjurations

   Spells                             Type                      Level
   a - Magic Dart                     Conjuration                  1
   b - Searing Ray                    Conjuration                  2
   c - Dazzling Spray                 Conjuration/Hexes            3
   d - Fulminant Prism                Conjuration/Hexes            4
   e - Force Lance                    Conjuration/Translocation    4
   f - Iskenderun's Mystic Blast      Conjuration                  4
   Trog disapproves of the use of such an item.
Comestibles
 a - 2 meat rations
 f - 8 royal jellies
 H - a chunk of flesh


   Skills:
 * Level 7.8(7.7) Fighting
 - Level 10.1 Dodging
 - Level 10.0(9.9) Stealth
 - Level 10.0 Unarmed Combat
 * Level 7.1 Evocations


You had 9 spell levels left.
You didn't know any spells.

Dungeon Overview and Level Annotations

Branches:
Dungeon (9/15)             Temple (0/1) D:5
   Lair: D:8-11         Orc: D:9-12

Altars:

Shops:
D:8 *


Innate Abilities, Weirdness & Mutations

You cannot wear armour.
You are incapable of wielding weapons or throwing items.
Your paws allow you to move quietly. (Stealth)
You have sharp claws.
You have razor-sharp teeth.
You have supernaturally acute eyesight. (SInv)
You are carnivorous and can eat meat at any time.
You cover ground quickly.
You are covered in thick fur. (AC +2)
You have a slow metabolism.
Your sharp claws are effective at attacking unaware monsters.


Message History

An orc comes into view. It is wielding a flail.
You scratch the leopard gecko.
You kill the leopard gecko!
Trog accepts your kill.
You see here a leopard gecko corpse.
You scratch the orc.
The orc is moderately wounded.
The orc hits you with a flail.
You claw the orc!
You kill the orc!
Trog accepts your kill.
You scratch the orc warrior but do no damage.
The orc warrior hits you with a war axe.
You scratch the orc warrior.
The orc warrior is lightly wounded.
You barely miss the orc warrior.
You bite the orc warrior, but do no damage.
The orc warrior is lightly wounded.
The orc warrior hits you with a war axe!!
You die...

............. ..#
..................# #.#
..................# #.#
..................##########<#
................... .........#
................. .........#
...............############..#
.............†.o.............#
...............@)............#
#######...†........#########.#
#####....).......# #.#
.......÷.†)......#########.#
...........................#
............................#
............................#
............................#
........).÷...:.............#


You could see an orc warrior.

Vanquished Creatures
  Gastronok (D:9)
  2 two-headed ogres
  Pikel (D:8)
  Prince Ribbit (D:7)
  A hornet (D:7)
  2 hippogriffs
  Eustachio (D:4)
  A hungry ghost (D:7)
  Duvessa (D:7)
  2 orc warriors
  3 sky beasts
  2 phantoms
  A centaur (D:6)
  2 ogres
  A big kobold (D:7)
  Blork the orc (D:4)
  3 bullfrogs
  A wyvern zombie (D:8)
  Dowan (D:7)
  A scorpion (D:3)
  8 killer bees
  7 howler monkeys
  5 wights (D:9)
  A centaur zombie (D:6)
  4 crimson imps
  2 orc priests
  2 bullfrog zombies
  3 hounds
  2 jellies (D:7)
  An orc wizard (D:6)
  2 bullfrog skeletons
  Jessica (D:2)
  Natasha (thrice) (D:4 D:6)
  3 worker ants
  A hound zombie (D:5)
  6 adders
  A shadow imp (D:7)
  An adder skeleton (D:4)
  2 worms
  2 dart slugs
  5 leopard geckos
  23 orcs
  4 bats (D:2)
  6 giant cockroaches
  5 goblins
  2 hobgoblins (D:1)
  6 jackals
  A ball python (D:1)
  A ball python zombie (D:5)
  5 frilled lizards
  A jackal zombie (D:5)
  12 kobolds
  A leopard gecko skeleton (D:7)
  2 quokka skeletons
  11 rats
171 creatures vanquished.

Vanquished Creatures (others)
  A howler monkey (D:8)
  A crimson imp (D:8)
2 creatures vanquished.

Grand Total: 173 creatures vanquished

Notes
Turn   | Place    | Note
-------+----------+-------------------------------------------
     0 | D:1      | hilaritas the Felid Berserker began the quest for the Orb.
     0 | D:1      | Reached XP level 1. HP: 10/10 MP: 2/2
   270 | D:1      | Reached skill level 1 in Stealth
   270 | D:1      | Reached XP level 2. HP: 14/14 MP: 3/3
  1100 | D:2      | Reached XP level 3. HP: 12/17 MP: 4/4
  1340 | D:2      | Reached ** piety under Trog
  1443 | D:2      | Noticed Jessica
  1447 | D:2      | Killed Jessica
  1571 | D:3      | Reached XP level 4. HP: 21/21 MP: 5/5
  2025 | D:3      | Reached skill level 5 in Unarmed Combat
  2193 | D:3      | Reached XP level 5. HP: 24/24 MP: 6/6
  2898 | D:4      | Noticed Blork the orc
  2901 | D:4      | Noticed Natasha
  2918 | D:4      | Killed Natasha
  2918 | D:4      | Gained mutation: You are covered in thick fur. (AC +2) [Felid growth]
  2918 | D:4      | Reached XP level 6. HP: 14/28 MP: 7/7
  2930 | D:4      | Killed Blork the orc
  2939 | D:4      | Reached skill level 5 in Stealth
  3102 | D:4      | Noticed Natasha
  3111 | D:4      | HP: 1/28 [Natasha (9)]
  3114 | D:4      | Killed from afar by Natasha
  3115 | D:4      | Reached XP level 5. HP: 0/24 MP: 6/6
  3147 | D:4      | Killed Natasha
  3147 | D:4      | Reached XP level 6. HP: 16/28 MP: 7/7
  3221 | D:4      | Noticed Eustachio
  3223 | D:4      | Killed Eustachio
  3667 | D:5      | Entered Level 5 of the Dungeon
  3673 | D:5      | Reached XP level 7. HP: 31/31 MP: 8/8
  4091 | D:5      | Found a staircase to the Ecumenical Temple.
  4603 | D:5      | Noticed a two-headed ogre
  4606 | D:5      | Slain by a two-headed ogre
  4607 | D:5      | Reached XP level 6. HP: -4/28 MP: 7/7
  4616 | D:5      | Killed a two-headed ogre
  4616 | D:5      | Reached XP level 7. HP: 31/31 MP: 8/8
  4616 | D:5      | Reached XP level 8. HP: 34/34 MP: 9/9
  4631 | D:6      | Reached skill level 10 in Unarmed Combat
  4709 | D:6      | Noticed Natasha
  4717 | D:6      | Killed Natasha
  4826 | D:6      | Reached *** piety under Trog
  4826 | D:6      | Reached skill level 1 in Evocations
  5037 | D:6      | Reached skill level 10 in Stealth
  5224 | D:7      | Noticed Prince Ribbit
  5229 | D:7      | Killed Prince Ribbit
  5229 | D:7      | Reached XP level 9. HP: 39/39 MP: 10/12
  5253 | D:7      | Reached skill level 5 in Dodging
  5632 | D:7      | Noticed Dowan
  5639 | D:7      | Killed Dowan
  5642 | D:7      | Noticed Duvessa
  5658 | D:7      | Killed Duvessa
  5658 | D:7      | Reached skill level 5 in Fighting
  6425 | D:8      | Reached skill level 5 in Evocations
  6602 | D:8      | Found Ustrogg's Assorted Antiques.
  6610 | D:8      | Bought a gold wand for 100 gold pieces
  6610 | D:8      | Bought a scroll labeled GATRUA FYOREUV for 25 gold pieces
  6610 | D:8      | Bought a coppery potion for 22 gold pieces
  6610 | D:8      | Bought a fuming green potion for 22 gold pieces
  6697 | D:8      | Noticed a two-headed ogre
  6705 | D:8      | HP: 1/41 [two-headed ogre/giant club (14)]
  6710 | D:8      | Killed a two-headed ogre
  6710 | D:8      | Reached XP level 10. HP: 31/46 MP: 13/15
  6908 | D:8      | Noticed Pikel
  6925 | D:8      | Killed Pikel
  6963 | D:8      | Reached **** piety under Trog
  7619 | D:9      | Noticed Gastronok
  7650 | D:9      | HP: 2/47 [Gastronok/the air (16)]
  7652 | D:9      | Mangled by Gastronok
  7653 | D:9      | Reached XP level 9. HP: -7/43 MP: 14/14
  7677 | D:9      | Killed Gastronok
  7677 | D:9      | Reached skill level 10 in Dodging
  7677 | D:9      | Reached XP level 10. HP: 36/48 MP: 14/16
  7746 | D:9      | Slain by an orc warrior

Skill      XL: |  1  2  3  4  5  6  7  8  9 10 |
---------------+-------------------------------+-----
Stealth        | 1 2 3 4 8 7 10 | 10.0
Unarmed Combat | 4 5 9 8 10 | 10.0
Evocations     | 2 7 6 |  7.1
Fighting       | 4 6 7 |  7.8
Dodging        | 10 8 | 10.1

Action                   |  1- 3 |  4- 6 |  7- 9 | 10-12 || total
-------------------------+-------+-------+-------+-------++-------
Melee: Unarmed           |    68 |   139 |   201 |    84 ||   492
       Punch             |     1 |     3 |    10 |     5 ||    19
       Bite              |     4 |    11 |    20 |     8 ||    43
Invok: Berserk           |       |     6 |     5 |     2 ||    13
       Trog's Hand       |       |     6 |     4 |     2 ||    12
Evoke: Wand              |       |     1 |     2 |       ||     3
  Use: Scroll            |       |     8 |     8 |     1 ||    17
       Potion            |       |     1 |     2 |     1 ||     4
 Stab: Sleeping          |     7 |     7 |    17 |       ||    31
       Distracted        |       |       |     1 |     2 ||     3
  Eat: Chunk             |     8 |    10 |    27 |     9 ||    54
Armor: Skin              |     1 |     1 |     3 |     5 ||    10
Dodge: Dodged            |    42 |   104 |   154 |   195 ||   495
